[Event "*** SCC Grand Prix: Titled Tuesday Blitz"]
[Site "Chess.com"]
[Date "2020.06.02"]
[Round "1"]
[White "chessplayer9919"]
[Black "chessbia"]
[Result "0-1"]
[WhiteElo "2490"]
[BlackElo "2115"]
[TimeControl "180+1"]
[EndTime "10:08:05 PDT"]
[Termination "chessbia won on time"]

1. d4 d5 2. c4 c6 3. Nf3 Nf6 4. Nc3 dxc4 5. a4 Bf5 6. e3 e6 7. Bxc4 Bb4 8. O-O O-O 9. Qe2 Nbd7 10. e4 Bg4 11. h3 Bh5 12. Bd3 Qa5 13. e5 Bxf3 14.
Qxf3 Nd5 15. Ne4 Be7 16. Bg5 Qb4 17. Bxe7 Qxe7 18. Qh5 g6 19. Qh6 f5 20. exf6 N7xf6 21. Ng5 Rae8 22. Rae1 Nc7 23. Re3 Qg7 24. Qh4 Nfd5 25.
Rg3 Rf4 26. Rg4 Ref8 27. Bc4 Rxg4 28. Qxg4 Rf4 29. Qe2 Qe7 30. Nf3 Rf6 31. Re1 Nf4 32. Qe4 Nfd5 33. Ne5 a6 34. Bd3 Kg7 35. Qh4 Rf4 36. Qg3 Rxd4 37. Bxg6 hxg6 38. Qxg6+ Kf8 39.
Qh5 Qg7 40. Ng6+ Ke8 41. Nf4+ Kd7 42. Ng6 Nf6 43. Ne5+ Kd6 44. Qf3 Ncd5 45. Qa3+ Kc7 46. a5 Rb4 47. Qf3 Rf4 48. Qd3 Rf5 49. Nf3 Nd7 50. Rxe6 Ne5 0-1

[Event "*** SCC Grand Prix: Titled Tuesday Blitz"]
[Site "Chess.com"]
[Date "2020.06.02"]
[Round "1"]
[White "Natalya_Buksa"]
[Black "CMS13"]
[Result "1-0"]
[WhiteElo "2557"]
[BlackElo "2209"]
[TimeControl "180+1"]
[EndTime "10:08:08 PDT"]
[Termination "Natalya_Buksa won by resignation"]

1. e4 e5 2. Nf3 Nc6 3. Bc4 Nf6 4.
Ng5 d5 5. exd5 Na5 6. Bb5+ c6 7.
dxc6 bxc6 8. Bd3 h6 9. Ne4 Be7 10. Nxf6+ Bxf6 11. b4 Nb7 12. Nc3 O-O 13. O-O Be7 14.
Rb1 f5 15. Bc4+ Kh8 16. d3 Qe8 17. f4 exf4 18. Bxf4 Nd6 19. Bb3 Qg6 20. Kh1 Bb7 21. Na4 c5 22. Qd2 cxb4 23. Nc5 Bc6 24. Ne6 Rfe8 25. Rbe1 Nb5 26. Qf2 Bh4 27. Bg3 Bxg3 28. Qxg3 Qxg3 29. hxg3 g6 30. Bc4 Nd6 31. Bb3 Nb5 32. d4 a5 33. d5 Bd7 34. Nf4 Kg7 35. Ba4 Rad8 36. Ne6+ Bxe6 37. dxe6 Rd5 38. Rd1 Rxd1 39.
Rxd1 Nc3 40. Rd7+ Kf6 41. Bb3 Re7 42. Rd8 Ne4 43. Kh2 Nc5 44. Rf8+ Kg7 45. Ra8 Nxe6 46. Rxa5 Nd4 47. Ra4 Nxb3 48. cxb3 Rb7 49. Kg1 Kf6 50. Kf2 Ke5 51. Ra6 Rd7 52. Ke3 Rc7 53. Rxg6 Rc2 54. Kf3 Rxa2 55. Rb6 Rc2 56. Rb5+ Kf6 57. Rxb4 Rc3+ 58.
Kf4 Rc2 59. Rb6+ Kg7 60. Kxf5 Rxg2 61. Rb7+ Kg8 62. g4 Rf2+ 63. Kg6 Rf4 64. Rb8+ Rf8 65.
Rxf8+ Kxf8 66. Kxh6 Ke7 67. g5 Kd6 68. Kh7 Kc5 69. g6 Kb4 70. g7 Kxb3 71. g8=Q+ 1-0

[Event "*** SCC Grand Prix: Titled Tuesday Blitz"]
[Site "Chess.com"]
[Date "2020.06.02"]
[Round "1"]
[White "mortngabriel"]
[Black "wonderfultime"]
[Result "0-1"]
[WhiteElo "2450"]
[BlackElo "2978"]
[TimeControl "180+1"]
[EndTime "10:08:09 PDT"]
[Termination "wonderfultime won by resignation"]

1. e4 c5 2. Nf3 Nf6 3. e5 Nd5 4. Nc3 e6 5. Nxd5 exd5 6. d4 Nc6 7. c3 d6 8. Bb5 cxd4 9. Qxd4 a6 10. Bxc6+ bxc6 11.
Bg5 Be7 12. exd6 Bxg5 13. Qe5+ Be7 14. Qxe7+ Qxe7+ 15. dxe7 Kxe7 16. Kd2 c5 17. b4 Kd6 18.
Rab1 Ra7 19. bxc5+ Kxc5 20. Nd4 Bd7 21. Rhe1 Bb5 22.
Re5 Rd8 23. Rbe1 Bc4 24. Nb3+ Kd6 25. Re8 Rxe8 26. Rxe8 a5 27. Kc2 a4 28. Nd4 a3 29.
Nf5+ Kc5 30. Rc8+ Kb6 31. Rb8+ Kc7 32. Rf8 Kc6 33. Nd4+ Kd6 34. Rd8+ Kc7 35. Rf8 Kb6 36. Rb8+ Ka6 37. Rb4 Re7 38. Ra4+ Kb6 39. Rxa3 Re1 40.
Kd2 Rg1 41. g3 Rg2 42. Ke3 Rxh2 43. Ra8 Rh1 44. a4 Rc1 45. a5+ Kb7 46. Rf8 Rxc3+ 47. Kf4 Rd3 48. Rxf7+ Ka6 49. Ke5 g5 50. Rxh7 Kxa5 51.
Rg7 Kb4 52. Rxg5 Kc3 53. Rg8 Rxd4 54. f4 Re4+ 55. Kd6 d4 56. f5 Bxg8 0-1

[Event "*** SCC Grand Prix: Titled Tuesday Blitz"]
[Site "Chess.com"]
[Date "2020.06.02"]
[Round "1"]
[White "djano"]
[Black "GOGIEFF"]
[Result "0-1"]
[WhiteElo "2446"]
[BlackElo "2956"]
[TimeControl "180+1"]
[EndTime "10:08:09 PDT"]
[Termination "GOGIEFF won by resignation"]

1. d4 Nf6 2. Nf3 g6 3. Bf4 Bg7 4. Nbd2 O-O 5. h3 c5 6. c3 cxd4 7. cxd4 Nc6 8. e3 d6 9. Bh2 Bf5 10. a3 e5 11. dxe5 dxe5 12. Bb5 Qb6 13. Qe2 e4 14. Bxc6 exf3 15. Bxf3 Rfd8 16. e4 Bd7 17.
O-O Qxb2 18. Rfb1 Qc3 19. Rc1 Qb2 20. Rcb1 Qc2 21. Rc1 Qa4 22. e5 Bb5 23. Qe1 Nd7 24. e6 Bxa1 25. exf7+ Kg7 26. Rxa1 Qd4 27. Nb3 Qf6 28.
Bxb7 Rab8 29. Bxb8 Rxb8 30. Bd5 Ne5 31. Rc1 Nd3 32.
f8=Q+ Rxf8 33. Rc7+ Kh8 34. Qe3 Nxf2 35. Rxa7 Nd3 36.
Qd4 Nf4 37. Qxf6+ Rxf6 38. Bf3 Nxh3+ 39. Kh2 Ng5 40. Nd4 Nxf3+ 41. gxf3 Bc4 42. Kg3 h5 43. a4 g5 44. a5 Ba6 45. Ra8+ Kg7 46. Ra7+ Kg6 47. Ra8 h4+ 48. Kg2 Bc4 49. Rc8 Bd5 50.
Rc5 Rd6 51. a6 Ba8 52. a7 Rxd4 53. Rc7 Ra4 0-1

[Event "*** SCC Grand Prix: Titled Tuesday Blitz"]
[Site "Chess.com"]
[Date "2020.06.02"]
[Round "1"]
[White "TheoSlade"]
[Black "GMHess"]
[Result "0-1"]
[WhiteElo "2376"]
[BlackElo "2734"]
[TimeControl "180+1"]
[EndTime "10:08:09 PDT"]
[Termination "GMHess won on time"]

1. d4 g6 2. c4 Bg7 3. e4 d6 4.
Nc3 e5 5. dxe5 dxe5 6. Qxd8+ Kxd8 7. f4 Nc6 8. Nf3 Bg4 9. Be2 Bxf3 10. gxf3 Nd4 11.
O-O exf4 12. Rd1 g5 13. h4 h6 14. Nb5 c5 15. Kf2 Ke7 16. Nc7 Rd8 17. Nd5+ Kd6 18.
Bd2 Ne7 19. Bc3 Nxd5 20. cxd5 Be5 21. Rg1 f6 22. Rh1 b5 23. b4 Nxe2 24. Bxe5+ Kxe5 25.
Kxe2 cxb4 26. Rab1 a5 27. a3 Rc8 28. axb4 a4 29. Rbc1 g4 30. Rc6 Rxc6 31. dxc6 g3 32. Rd1 Ra8 33. c7 Rc8 34. Rd5+ Ke6 35. Rxb5 Rxc7 36.
Rb6+ Kf7 37. Kf1 Rc1+ 38. Kg2 Rc2+ 39. Kg1 Rc3 40. Kg2 Rc2+ 41. Kg1 Rf2 42. Ra6 Rxf3 43. Rxa4 Re3 44. Ra7+ Kg6 45. Re7 Kh5 46. b5 f3 47.
Kf1 g2+ 48. Kf2 Re2+ 49. Kg1 Re1+ 50. Kf2 g1=Q+ 51. Kxf3 Re3+ 52. Kf4 Qg3+ 53. Kf5 Qg4+ 54. Kxf6 Qxh4+ 55. Kf7 Qxe7+ 56. Kxe7 Rxe4+ 57. Kf6 Rb4 58. Kg7 Rxb5 59. Kf6 Kg4 0-1

[Event "*** SCC Grand Prix: Titled Tuesday Blitz"]
[Site "Chess.com"]
[Date "2020.06.02"]
[Round "1"]
[White "Roza_Idrisova"]
[Black "TST2014"]
[Result "1-0"]
[WhiteElo "2180"]
[BlackElo "2511"]
[TimeControl "180+1"]
[EndTime "10:08:10 PDT"]
[Termination "Roza_Idrisova won on time"]

1. d4 Nf6 2. Nf3 g6 3. c4 Bg7 4. Nc3 O-O 5. e4 d6 6. Be2 e5 7. O-O Nc6 8. d5 Ne7 9. b4 a5 10. bxa5 c5 11. dxc6 bxc6 12. a4 Rxa5 13. Ba3 c5 14. Nb5 Nxe4 15. Bd3 Nf6 16. Bc2 Ra6 17.
Bb2 Nf5 18. Bxf5 Bxf5 19. Nh4 Be6 20. Qd3 Ng4 21. Qg3 f5 22. h3 f4 23. Qd3 Nxf2 24. Rxf2 Qxh4 25. Nc7 Bc8 26. Nxa6 Bxa6 27. Qxd6 Bxc4 28. Bxe5 Bxe5 29. Qxe5 Rf5 30. Qc3 f3 31.
Re1 fxg2 32. Re8+ Kf7 33. Rxf5+ gxf5 34. Qh8 Qd4+ 35. Qxd4 cxd4 36. Rd8 d3 37. Kxg2 Ke7 38.
Rd4 Ba6 39. Kf2 Ke6 40. Ke3 Ke5 41. Rd8 f4+ 42. Kd2 f3 43. Rf8 Ke4 44. h4 h5 45.
a5 Bc4 46. Rf6 Ke5 47. Rxf3 Ke4 48. Rf6 Ke5 49. Rh6 Kf4 50. Rxh5 Kg4 51. Rc5 Ba6 52. h5 1-0

[Event "*** SCC Grand Prix: Titled Tuesday Blitz"]
[Site "Chess.com"]
[Date "2020.06.02"]
[Round "1"]
[White "davekoenig"]
[Black "Alopekos"]
[Result "0-1"]
[WhiteElo "2133"]
[BlackElo "2517"]
[TimeControl "180+1"]
[EndTime "10:08:11 PDT"]
[Termination "Alopekos won by resignation"]

1. e4 c5 2. Nc3 a6 3. g3 b5 4. Bg2 Bb7 5. d3 e6 6. a3 Nf6 7. Nh3 d5 8. exd5 Nxd5 9. O-O Nxc3 10. bxc3 Bxg2 11. Kxg2 Nc6 12. Re1 Be7 13. Qf3 Qd7 14. Ng5 O-O 15. Qe4 Bxg5 16. Bxg5 Ne7 17. Be3 Rfc8 18.
a4 Nd5 19. Bd2 c4 20. axb5 axb5 21. Rxa8 Rxa8 22. Rb1 Rc8 23. d4 h6 24. h4 Qc6 25.
f3 Ra8 26. Rb2 b4 27. Qe1 Ra3 28. Rb1 Nxc3 29. Rxb4 Nb5 30. Qf2 Nxd4 31. Be3 Nf5 32.
Rb8+ Kh7 33. Bf4 Qd5 34. g4 Nd4 35. Be3 Nc6 36. Rc8 Ne5 37. Kg3 c3 38. Bf4 Ng6 39. Be3 Qe5+ 40. f4 Qe4 41. h5 Ne7 42. Bd4 Nxc8 43.
g5 Nd6 44. g6+ fxg6 45. hxg6+ Qxg6+ 46. Kh2 Qh5+ 47. Kg2 Nf5 48. Be5 Qg4+ 49. Kh2 Qh5+ 50.
Kg2 Ra1 51. Qf3 Qh1+ 52. Kf2 Rf1+ 0-1

[Event "*** SCC Grand Prix: Titled Tuesday Blitz"]
[Site "Chess.com"]
[Date "2020.06.02"]
[Round "1"]
[White "yamalchess"]
[Black "Oleksandr_Bortnyk"]
[Result "0-1"]
[WhiteElo "2448"]
[BlackElo "2961"]
[TimeControl "180+1"]
[EndTime "10:08:12 PDT"]
[Termination "Oleksandr_Bortnyk won on time"]

1. d4 Nf6 2. c4 b6 3. Nc3 Bb7 4. Nf3 g6 5. g3 Bg7 6. Bg2 O-O 7. O-O Ne4 8. Qc2 Nxc3 9. bxc3 Nc6 10. e4 Na5 11. Nd2 c5 12. d5 d6 13. Re1 Qd7 14. Bf1 Rae8 15. Nb3 Qa4 16. Nd4 Qxc2 17. Nxc2 Bxc3 18.
Bh6 Bxa1 19. Rxa1 e6 20. Bxf8 Kxf8 21. Ne3 exd5 22. exd5 Re4 23. Rc1 Rd4 24. Rc2 Bc8 25. f3 g5 26. Kf2 f5 27. Ke1 f4 28. gxf4 gxf4 29. Nd1 b5 30. cxb5 Rxd5 31. Nc3 Re5+ 32. Kf2 Be6 33. Ne4 Ke7 34. Rd2 Nb7 35. a4 d5 36. Nc3 d4 37. Ne2 Rf5 38. Rb2 Rf8 39. b6 a5 40. Nc1 c4 41. Rb5 d3 42. Na2 Bd7 43. Rh5 Rf7 44. Nc3 Kd6 45. Ne4+ Kc6 46. Rh6+ Kd5 47. Ng5 Re7 48. Nxh7 Bxa4 49. Nf6+ Kd4 50.
Ne4 c3 51. Nd6 c2 52. Nf5+ Kc3 53. Nxe7 c1=Q 54. Nd5+ Kd4 0-1

[Event "*** SCC Grand Prix: Titled Tuesday Blitz"]
[Site "Chess.com"]
[Date "2020.06.02"]
[Round "1"]
[White "OnePeculiarConundrum"]
[Black "Jeffinho023"]
[Result "0-1"]
[WhiteElo "2230"]
[BlackElo "2573"]
[TimeControl "180+1"]
[EndTime "10:08:13 PDT"]
[Termination "Jeffinho023 won by resignation"]

1. e4 e5 2. Nf3 Nf6 3. Nxe5 d6 4.
Nf3 Nxe4 5. d4 d5 6. Bd3 Be7 7. O-O O-O 8. Nbd2 Nd6 9. Re1 Bf5 10. Nf1 Nc6 11. c3 Re8 12. Ng3 Bg6 13. Bf4 Bf6 14. Ne5 Bxe5 15. dxe5 Nc4 16. Bxc4 dxc4 17. Nf1 Qe7 18.
Ne3 Bd3 19. Nd5 Qd7 20. Qf3 Rad8 21. Nb4 Nxb4 22. cxb4 c6 23. h3 Qf5 24. Qg3 Re6 25. Qg5 Qxg5 26. Bxg5 Rd5 27. Bf4 h6 28. a3 g5 29. Bg3 Bc2 30. Re2 Bb3 31. Rae1 Kg7 32. f4 Kg6 33. fxg5 hxg5 34. Kf2 c5 35. bxc5 Rxc5 36. Re3 Rd5 37. Rf3 Rd2+ 38. Re2 Rxe2+ 39. Kxe2 f5 40. Kd2 f4 41. Bf2 Rxe5 42. Bxa7 Rd5+ 43.
Kc3 Kf5 44. Rf2 Ra5 45. Bb8 Rd5 46. h4 Rd3+ 47. Kb4 Rd4 48. hxg5 Kxg5 49. Be5 Re4 50. Bc3 Kg4 51. Kc5 Kg3 52. Rd2 Re3 53. Kd5 Rd3+ 54.
Rxd3+ cxd3+ 55. Ke4 Bc2 56. Bd2 Kxg2 57. Kxf4 Kf2 58.
b4 Ke2 59. Bc3 b5 60. Ke5 d2 61. Bxd2 Kxd2 62. Kd4 Ba4 63. Kc5 Kc3 64. Kd5 Kb3 65. Kd4 Kxa3 66. Kc3 Bd1 67. Kd2 Bh5 68. Kc3 Bf7 69. Kc2 Kxb4 70. Kb1 Kc3 71. Ka1 b4 72. Kb1 b3 73. Kc1 b2+ 74. Kd1 b1=Q+ 75. Ke2 Qe4+ 0-1

[Event "*** SCC Grand Prix: Titled Tuesday Blitz"]
[Site "Chess.com"]
[Date "2020.06.02"]
[Round "1"]
[White "JoachimMouhamad"]
[Black "Michaelson_11"]
[Result "1-0"]
[WhiteElo "2474"]
[BlackElo "1999"]
[TimeControl "180+1"]
[EndTime "10:08:13 PDT"]
[Termination "JoachimMouhamad won on time"]

1. e4 c5 2. Nf3 Nc6 3. d4 cxd4 4. Nxd4 g6 5. c4 Nf6 6. Nc3 d6 7. Be2 Nxd4 8. Qxd4 Bg7 9. Be3 O-O 10. f3 a5 11.
Qd2 a4 12. O-O Qa5 13. Rfd1 Be6 14. Rac1 Rfc8 15. Nd5 Qxd2 16. Bxd2 Nxd5 17. cxd5 Bd7 18. Bc3 a3 19. Bxg7 Kxg7 20. b3 b5 21. Kf2 Rc5 22.
Rxc5 dxc5 23. Ke3 Rc8 24. Rc1 Kf6 25. f4 e5 26. g3 h6 27. Bf1 g5 28. Be2 gxf4+ 29.
gxf4 exf4+ 30. Kxf4 Ke7 31. e5 f6 32. Rg1 fxe5+ 33. Kxe5 Re8 34. Bh5 Rf8 35. Rg7+ Kd8 36. Bg6 Bc8 37. Kd6 Rf6+ 38. Kxc5 b4 39. d6 Rf2 40. Bh7 Rxh2 41. Kxb4 Bd7 42. Kxa3 Be8 43. Bg8 h5 44. Be6 h4 45. Ra7 1-0

[Event "*** SCC Grand Prix: Titled Tuesday Blitz"]
[Site "Chess.com"]
[Date "2020.06.02"]
[Round "1"]
[White "Alexander_Donchenko"]
[Black "GMaka"]
[Result "1/2-1/2"]
[WhiteElo "2695"]
[BlackElo "2358"]
[TimeControl "180+1"]
[EndTime "10:08:14 PDT"]
[Termination "Game drawn by repetition"]

1. e4 c6 2. d4 d5 3. e5 Bf5 4. Nf3 e6 5. Be2 Ne7 6. c3 Ng6 7. O-O Bxb1 8. Rxb1 Be7 9. b4 Nd7 10.
Bd3 Nb6 11. Re1 O-O 12. Qb3 Nd7 13. Be3 Nh4 14. Nxh4 Bxh4 15. a4 a6 16. a5 f5 17.
exf6 Qxf6 18. Qc2 g6 19. g3 Bg5 20. Bxg5 Qxg5 21. Rxe6 Rae8 22. Rbe1 Rxe6 23. Rxe6 Nf6 24.
h3 Re8 25. Qe2 Qc1+ 26. Kg2 Rf8 27. Bc2 Rf7 28. h4 Kg7 29. f3 Qb2 30. Re3 Nh5 31. Kh3 Qc1 32. Kh2 Nxg3 33. Kxg3 Qg1+ 34. Kh3 Qh1+ 35. Kg3 Qg1+ 36. Kh3 Qh1+ 37. Qh2 Rxf3+ 38. Rxf3 Qxf3+ 39. Qg3 Qh1+ 40. Qh2 Qf3+ 41. Qg3 Qh1+ 42. Kg4 h5+ 43. Kf4 Qc1+ 44. Ke5 Qxc2 45. Kd6 Qf5 46. Kc7 Qf7+ 47. Kc8 Qe7 48. Qf4 g5 49. hxg5 Kg6 50. Qe5 Qxg5 51. Qe6+ Qf6 52. Qg8+ Qg7 53. Qe6+ Kg5 54.
Qe3+ Kg6 55. Qe6+ Qf6 56. Qg8+ Qg7 57. Qe6+ 1/2-1/2

[Event "*** SCC Grand Prix: Titled Tuesday Blitz"]
[Site "Chess.com"]
[Date "2020.06.02"]
[Round "1"]
[White "Uih7I9kOKokUOhjUJ"]
[Black "Grieve72"]
[Result "1/2-1/2"]
[WhiteElo "2696"]
[BlackElo "2359"]
[TimeControl "180+1"]
[EndTime "10:08:15 PDT"]
[Termination "Game drawn by repetition"]

1. d4 f5 2. Bg5 h6 3. Bh4 g5 4.
Bg3 Nf6 5. e3 d6 6. Nd2 Nc6 7.
h4 Rg8 8. hxg5 hxg5 9. Ngf3 e6 10. Bd3 Qe7 11. Bc4 Bd7 12. Qe2 O-O-O 13. a4 g4 14. Nh4 Rh8 15. O-O-O Qe8 16. Kb1 Bg7 17. Nb3 Nh5 18. d5 Nxg3 19. fxg3 Ne5 20. dxe6 Bxe6 21. Bxe6+ Qxe6 22. Nd4 Qc4 23. Nhxf5 Qxe2 24. Nxe2 Bf6 25. Nf4 Nc4 26. b3 Nd2+ 27. Ka2 Ne4 28. Rde1 Bc3 29. Rb1 Be5 30. Nd5 c6 31. Nde7+ Kd7 32. Ka3 Bxg3 33. Rxh8 Rxh8 34. Rd1 Ke6 35. Rd4 d5 36. c4 Be5 37.
cxd5+ cxd5 38. Rxd5 Nd6 39. e4 Nxe4 40. Rb5 Nd6 41.
Rxe5+ Kxe5 42. Ng6+ Kxf5 43. Nxh8 Kf4 44. Kb4 Kg3 45. Kc5 Kxg2 46. Kxd6 Kf3 47. Ng6 g3 48. Kc7 Kg4 49. Ne5+ Kf4 50. Nd3+ Ke3 51. Ne1 Kf2 52. Nd3+ Ke3 53. Ne1 Kf2 54. Nd3+ Ke3 1/2-1/2

[Event "*** SCC Grand Prix: Titled Tuesday Blitz"]
[Site "Chess.com"]
[Date "2020.06.02"]
[Round "1"]
[White "gui_borba"]
[Black "xamax2000"]
[Result "0-1"]
[WhiteElo "2304"]
[BlackElo "2641"]
[TimeControl "180+1"]
[EndTime "10:08:15 PDT"]
[Termination "xamax2000 won on time"]

1. d4 d5 2. Bf4 c5 3. e3 cxd4 4. exd4 Nc6 5. c3 f6 6. Nf3 g5 7. Be3 e6 8. Bd3 Nge7 9. h4 g4 10. Ng1 e5 11. Ne2 Nf5 12. Nd2 Nxe3 13. fxe3 Bh6 14.
Nf1 O-O 15. Qc2 Qe7 16. O-O-O Bd7 17. Kb1 e4 18. Bb5 Nb4 19. Qa4 Bxb5 20. Qxb5 Nd3 21. Nfg3 Qe6 22. Rxd3 exd3 23. Qxd3 f5 24. Nf4 Bxf4 25.
exf4 Rae8 26. h5 Qe3 27. Rd1 Qxd3+ 28. Rxd3 Kg7 29. Kc2 Kf6 30. Kd2 Re6 31. Re3 Rxe3 32. Kxe3 Re8+ 33. Kd2 Re6 34. a3 Rb6 35. Kc2 a6 36.
Kc1 Rc6 37. Kc2 b5 38. Kd3 a5 39. Ne2 Re6 40. Ng3 Rb6 41. Ne2 b4 42. cxb4 axb4 43.
a4 b3 44. Nc3 Ke6 45. Nb5 Rc6 46. Nc3 Ra6 47. Kd2 Kd6 48. Kd3 Kc6 49. Kd2 Rb6 50. Ne2 Rb4 51. Kc3 Rxa4 52. Kxb3 Ra1 53. Ng3 Rg1 54.
Nxf5 Rxg2 55. Ne7+ Kd6 56. Ng8 Ke6 57. Nh6 g3 58.
f5+ Kf6 59. Kc3 Rc2+ 60. Kxc2 g2 61. Ng4+ Kg5 62. Nf2 Kh4 0-1

[Event "*** SCC Grand Prix: Titled Tuesday Blitz"]
[Site "Chess.com"]
[Date "2020.06.02"]
[Round "1"]
[White "grunbergmihai"]
[Black "SahajGrover"]
[Result "1/2-1/2"]
[WhiteElo "2381"]
[BlackElo "2717"]
[TimeControl "180+1"]
[EndTime "10:08:16 PDT"]
[Termination "Game drawn by repetition"]

1. Nf3 Nf6 2. c4 e6 3. g3 d5 4. Bg2 dxc4 5. Qa4+ Bd7 6. Qxc4 c5 7. a4 Bc6 8. O-O Be7 9. d4 cxd4 10. Qxd4 Qxd4 11. Nxd4 Bxg2 12. Kxg2 O-O 13. Nc3 Bc5 14. Nb3 Bb4 15.
Nb5 Nc6 16. Bf4 Nd5 17. Bd6 Rfd8 18. Bxb4 Ncxb4 19. Rac1 a6 20. Nc7 Rac8 21. Nxd5 Nxd5 22. Nc5 Rc7 23. Nd3 Rdc8 24. Rxc7 Rxc7 25. Rc1 Rxc1 26. Nxc1 Kf8 27. Nd3 b6 28. e4 Ne7 29.
Kf3 Nc6 30. Ke3 e5 31. f4 f6 32. b3 Ke7 33. Nb2 Nd4 34. fxe5 fxe5 35. Nc4 Nxb3 36. Nxb6 Kd6 37. Nc4+ Kc5 38. Nxe5 Kb4 39. Nd3+ Kxa4 40. e5 Kb5 41. e6 Kc6 42. Nb4+ Kd6 43. Nxa6 Kxe6 44. Nb4 Kf5 45. Kf3 Nd2+ 46. Kg2 Ke4 47. Nc2 h5 48. h3 Nc4 49. Kf2 Ne5 50. Ne3 Nd3+ 51. Ke2 Nc1+ 52. Kf2 Nd3+ 53. Ke2 Ne5 54. Kf2 g6 55. Ke2 Nc6 56. g4 h4 57. Ng2 g5 58.
Kf2 Ne5 59. Ne1 Kf4 60. Ng2+ Ke4 61. Ne1 Kf4 62. Ng2+ Ke4 1/2-1/2

[Event "*** SCC Grand Prix: Titled Tuesday Blitz"]
[Site "Chess.com"]
[Date "2020.06.02"]
[Round "1"]
[White "yobdc"]
[Black "CrushingKings"]
[Result "1-0"]
[WhiteElo "2131"]
[BlackElo "2491"]
[TimeControl "180+1"]
[EndTime "10:08:16 PDT"]
[Termination "yobdc won by checkmate"]

1. e4 g6 2. d4 Bg7 3. Nc3 c6 4.
Nf3 d5 5. h3 Nh6 6. Be2 f6 7. O-O Nf7 8. Re1 O-O 9. Bf1 a6 10.
a4 a5 11. exd5 cxd5 12. Nb5 Nc6 13. c3 e5 14. dxe5 fxe5 15. c4 d4 16. Bd3 Bf5 17. c5 Nb4 18. Bxf5 gxf5 19. Qb3 Kh8 20. Bd2 Nc6 21.
Rad1 e4 22. Nh2 Qe7 23. Qd5 Nfe5 24. Bf4 Rad8 25. Nd6 Ng6 26. Bc1 d3 27. Rxd3 Nb4 28. Nf7+ Kg8 29. Nh6+ Kh8 30. Nf7+ Qxf7 31. Qxf7 Nxd3 32.
Qxb7 Nxe1 33. c6 Nd3 34. c7 Rc8 35. Bg5 Be5 36. g4 Rxc7 37. Qb5 Rc1+ 38. Kg2 Ngf4+ 39. Bxf4 Nxf4+ 40. Kg3 Ne2+ 41. Kh4 Bxh2 42. Qxe2 Bf4 43. gxf5 Rc6 44. Qxe4 Bh6 45. Qxc6 Bg7 46. Qe6 Bf6+ 47. Kg4 Bg7 48. f4 Bf6 49. h4 Kg7 50. h5 Rf7 51. h6+ Kf8 52. Qc8+ Ke7 53. Qc5+ Ke8 54. Qxa5 Rd7 55.
Qb5 Ke7 56. b4 Rd6 57. a5 Rd7 58. a6 Bd4 59. Qc6 Ba7 60. Qe6+ Kd8 61. f6 Kc7 62. f7 Bc5 63. Qe8 Bf8 64. Qxf8 Kc6 65. Qc5# 1-0

[Event "*** SCC Grand Prix: Titled Tuesday Blitz"]
[Site "Chess.com"]
[Date "2020.06.02"]
[Round "1"]
[White "Godzillator"]
[Black "GAusal"]
[Result "1/2-1/2"]
[WhiteElo "2463"]
[BlackElo "1994"]
[TimeControl "180+1"]
[EndTime "10:08:16 PDT"]
[Termination "Game drawn - insufficient material"]

1. d4 d5 2. c4 c6 3. cxd5 cxd5 4. Bf4 Nf6 5. Nc3 g6 6. e3 Bg7 7. Bd3 O-O 8. h3 Nc6 9. Nf3 Qb6 10. a3 Na5 11.
Qe2 Nb3 12. Rd1 Bf5 13. Bxf5 gxf5 14. Ne5 Rfd8 15. O-O Ne4 16. Qh5 Bxe5 17. Bxe5 Qg6 18.
Qxg6+ hxg6 19. Nxe4 fxe4 20. f3 Rac8 21. fxe4 dxe4 22.
g4 f6 23. Bg3 Rc2 24. Rf2 Rdc8 25. Rdf1 Nd2 26. Rd1 Nf3+ 27. Kg2 Rxf2+ 28. Bxf2 Rc2 29. b4 b5 30. Kg3 a6 31. Ra1 Rc4 32. Kf4 Kf7 33. Kxe4 Ng5+ 34. Kd3 Nxh3 35. Bg3 f5 36. gxf5 gxf5 37. Rh1 Ng5 38. Bf4 Ne4 39. Rh7+ Ke6 40.
Rh6+ Kd7 41. Rxa6 Rc3+ 42. Ke2 Rc2+ 43. Kd1 Rd2+ 44. Kc1 Rd3 45. a4 bxa4 46. Rxa4 Rb3 47. Kc2 Rc3+ 48. Kb2 Rc4 49. Ra7+ Ke6 50. Rb7 Rc8 51. b5 Nd6 52. Bxd6 Kxd6 53. Kb3 e6 54. Kb4 Kd5 55. Re7 Rc4+ 56. Ka5 Rc3 57. b6 Rxe3 58. b7 Rb3 59. Ka6 f4 60. Ka7 f3 61. b8=Q Rxb8 62.
Kxb8 Kxd4 63. Rxe6 f2 64. Rf6 Ke3 65. Kc7 Ke2 66. Re6+ Kd2 67. Rd6+ Ke2 68. Re6+ Kf3 69. Rf6+ Kg2 70. Kd6 f1=Q 71. Rxf1 Kxf1 1/2-1/2

[Event "*** SCC Grand Prix: Titled Tuesday Blitz"]
[Site "Chess.com"]
[Date "2020.06.02"]
[Round "1"]
[White "Koalaskakistis"]
[Black "Virgo15"]
[Result "1-0"]
[WhiteElo "2402"]
[BlackElo "2736"]
[TimeControl "180+1"]
[EndTime "10:08:17 PDT"]
[Termination "Koalaskakistis won by checkmate"]

1. Nf3 Nf6 2. g3 e6 3. Bg2 d5 4. O-O Be7 5. d3 O-O 6. Nbd2 c6 7. e4 Nbd7 8. Re1 a5 9. a4 b6 10. e5 Ne8 11. d4 c5 12. c3 Ba6 13. h4 cxd4 14. cxd4 Rc8 15. h5 Bd3 16. Nf1 Bc2 17. Qe2 Qc7 18. h6 g6 19. Bg5 Bxg5 20. Nxg5 Qc4 21. Qg4 Bf5 22. Qh4 Qb4 23. Ne3 Nc7 24.
g4 Bd3 25. Rec1 Qxd4 26. Rd1 Nxe5 27. Nh3 Na6 28. Qf6 Nf3+ 29. Qxf3 Qxb2 30. Ra2 Qc3 31. Nxd5 exd5 32. Rxd3 Qe5 33. Re2 Rc1+ 34. Bf1 Qa1 35.
Kg2 Rxf1 36. Ra2 Qxa2 37. Qf6 Qa1 38. Rd4 Qxd4 39. Qxd4 f6 40. Qxd5+ Kh8 41. Kxf1 Nb4 42. Qd7 Rg8 43. Qf7 Nd5 44. Qxd5 Rf8 45. Qd7 Rg8 46. Ng5 fxg5 47. Qd4+ Rg7 48. Qf6 Kg8 49. hxg7 h5 50. gxh5 g4 51. Qf8+ Kh7 52. g8=Q# 1-0

[Event "*** SCC Grand Prix: Titled Tuesday Blitz"]
[Site "Chess.com"]
[Date "2020.06.02"]
[Round "1"]
[White "MashaFromRussia"]
[Black "dretch"]
[Result "1/2-1/2"]
[WhiteElo "2405"]
[BlackElo "2766"]
[TimeControl "180+1"]
[EndTime "10:08:18 PDT"]
[Termination "Game drawn by repetition"]

1. d4 d5 2. c4 c6 3. Nf3 Nf6 4. Nc3 dxc4 5. a4 Bf5 6. e3 e6 7.
Bxc4 Bb4 8. O-O O-O 9. Qe2 Nbd7 10. Rd1 Bg6 11. Nh4 Bh5 12. Nf3 Qa5 13. e4 e5 14.
d5 Nc5 15. Bg5 Bxc3 16. Bxf6 gxf6 17. bxc3 Qxc3 18. Rdc1 Qa5 19. Qe3 Rad8 20. dxc6 bxc6 21. Bxf7+ Rxf7 22. Rxc5 Qb6 23. Rac1 Rfd7 24. h3 Rd1+ 25. Kh2 Rxc1 26. Qxc1 Bxf3 27. gxf3 Rd3 28. Qc4+ Kg7 29. a5 Qd8 30. Rxc6 Rd7 31. Qe6 Rf7 32. Qg4+ Kh6 33. Qh4+ Kg7 34. Qg4+ Kh6 35. Rc1 f5 36. exf5 Qg5 37.
Rc6+ Rf6 38. Qxg5+ Kxg5 39. Rxf6 Kxf6 40. Kg3 Kxf5 41. a6 h6 42. h4 h5 43. Kh3 Kf4 44. Kg2 Kf5 45. Kg3 Ke6 46. f4 e4 47.
Kh2 Kf6 48. Kg3 Ke6 49. Kg2 Kf6 50. Kh3 Ke6 51. Kg3 Kf6 52. Kg2 Kg6 53. Kg3 Kf6 54.
Kg2 Ke6 55. Kh3 Kf6 56. Kg2 1/2-1/2

[Event "*** SCC Grand Prix: Titled Tuesday Blitz"]
[Site "Chess.com"]
[Date "2020.06.02"]
[Round "1"]
[White "mishikomchedlishvili"]
[Black "chessfrendz"]
[Result "1-0"]
[WhiteElo "2780"]
[BlackElo "2397"]
[TimeControl "180+1"]
[EndTime "10:08:18 PDT"]
[Termination "mishikomchedlishvili won by resignation"]

1. d4 d5 2. Nf3 Nf6 3. g3 Bf5 4. Bg2 e6 5. c4 c6 6. Nc3 h6 7.
Qb3 Qb6 8. c5 Qxb3 9. axb3 a6 10.
b4 Nbd7 11. b5 cxb5 12. Nxb5 Rc8 13. Nc3 Ne4 14. Bd2 Nxc3 15. Bxc3 Be7 16. b4 Bf6 17. O-O O-O 18. Nd2 Rfd8 19. Nb3 Nb8 20. Na5 Rd7 21. Rfc1 Nc6 22. e3 Nxa5 23. bxa5 Bd3 24. Ra2 Bb5 25.
Rb2 Bd8 26. Rcb1 f5 27. Bf1 Bxf1 28. Kxf1 Rcc7 29. Ke2 Rf7 30. Kd3 Kh7 31. f3 g5 32.
Rb6 Rfe7 33. Bd2 Kg7 34. e4 dxe4+ 35. fxe4 Rcd7 36. Rd6 fxe4+ 37. Kxe4 Rxd6 38. cxd6 Rd7 39. Ke5 Kf7 40. Rf1+ Ke8 41. Kxe6 Rg7 42. Rb1 Rg6+ 43. Kd5 Rg7 44. g4 Rf7 45. Ke6 Rf6+ 46. Kd5 Rf7 47. h3 Rg7 48. Bb4 Rf7 49. Bc3 Rg7 50. Rf1 Kd7 51. Rf8 Rg6 52. Rf7+ Kc8 53. Bb4 Rf6 54.
d7+ Kb8 55. Rxf6 Ka7 56. Rf8 1-0

[Event "*** SCC Grand Prix: Titled Tuesday Blitz"]
[Site "Chess.com"]
[Date "2020.06.02"]
[Round "1"]
[White "Escanor89"]
[Black "JuliaEfremova"]
[Result "1-0"]
[WhiteElo "2567"]
[BlackElo "2226"]
[TimeControl "180+1"]
[EndTime "10:08:18 PDT"]
[Termination "Escanor89 won by resignation"]

1. c4 c5 2. Nf3 Nf6 3. Nc3 g6 4.
d4 Bg7 5. e4 cxd4 6. Nxd4 d6 7.
Be2 O-O 8. O-O Nc6 9. Be3 Nxd4 10.
Bxd4 Qa5 11. f4 Bd7 12. e5 dxe5 13. fxe5 Ne8 14. Nd5 Be6 15. Nxe7+ Kh8 16. Nd5 Bxd5 17. cxd5 Qxd5 18. Bf3 Qb5 19. a4 Qb4 20. Kh1 Nc7 21.
Bc3 Qe7 22. Re1 Rad8 23. Qb3 Qh4 24. Qxb7 Ne6 25. Qxa7 h5 26. Qe3 Kh7 27. a5 Bh6 28. Qe4 Bf4 29. g3 Bxg3 30. Qxh4 Bxh4 31. Red1 Nc5 32.
Rxd8 Rxd8 33. a6 Nxa6 34. Rxa6 Rd7 35. Kg2 Bg5 36. Rd6 Ra7 37. Bd5 Ra1 38. Rd7 Kg8 39.
Bxf7+ Kg7 40. Bc4+ Kh6 41. e6 Rc1 42. Bg7+ Kh7 43. Bf6+ Kh6 44. Bxg5+ Kxg5 45. e7 Re1 46. Bf7 Kf6 47. e8=Q Rxe8 48. Bxe8 g5 49. b4 Ke6 50. b5 h4 51. b6 g4 52. h3 g3 53. b7 Kf6 54. Rd4 Kg5 55. Rg4+ Kh6 56. Rxh4+ Kg5 57. Rg4+ Kf6 58. Rxg3 Ke7 59. b8=Q Kf6 60. Qb6+ Ke7 61. Rg7+ Kf8 62. Qf6+ 1-0